Staline vs Harfangs
(R1)
Created - 13 mars 2015 at 19:11
Goals
|
| Staline |
3 |
2 |
1 |
6 |
| Harfangs |
0 |
3 |
1 |
4 |
|
Shots
|
| Staline |
14 |
8 |
16 |
38 |
| Harfangs |
15 |
18 |
5 |
38 |
|
1st period
1. Staline , James Sheppard 17 (Theo Peckham, Tyler Cuma) at 4:59
2. Staline , Andrei Loktionov 46 (Theo Peckham, Devin Setoguchi) at 13:23
3. Staline , Peter Mueller 21 (Cam Janssen, Devin Setoguchi) at 18:20
Penalties :
Craig Smith (BEA) for Roughing (Minor) at 5:48, Chris Kreider (BEA) for Fighting (Major) at 16:16, Pierre-Luc Létourneau (StJ) for Fighting (Major) at 16:16
2nd period
4. Staline , Andrei Loktionov 47 (Devin Setoguchi, Michael Del Zotto) at 0:15
5. Harfangs , Peter Olvecky 38 (James Wisniewski, Alex Killorn) at 0:57
6. Staline , Mason Raymond 30 (Devin Setoguchi, Andrei Loktionov) at 13:20
7. Harfangs , Alex Killorn 29 (Peter Olvecky, Victor Bartley) at 15:42 (PP)
8. Harfangs , Peter Olvecky 39 (Victor Bartley, Alex Killorn) at 15:54 (PP)
Penalties :
Andrew Orpik (BEA) for Slashing (Minor) at 3:07, Keith Aulie (StJ) for Holding (Minor) at 13:43, Stu Bickel (StJ) for Tripping (Minor) at 13:55, Kyle Palmieri (BEA) for Roughing (Minor) at 16:47
3rd period
9. Harfangs , Chris Kreider 50 (Stefan Ruzicka, Petri Kontiola) at 7:15 (PP)
10. Staline , Jared Boll 16 (Cody Eakin) at 13:04
Penalties :
Cam Janssen (StJ) for Interference (Minor) at 2:02, Torey Krug (StJ) for Cross-checking (Minor) at 7:08, Pierre-Luc Létourneau (StJ) for Tripping (Minor) at 14:43
Goalie Stats
Tobias Stephan (StJ), 34 saves from 38 shots - (0,895), W, 40-14-4, 60:00 minutes
Darcy Kuemper (BEA), 21 saves from 23 shots - (0,913), L, 1-3-2, 39:45 minutes
Peter Budaj (BEA), 11 saves from 15 shots - (0,733), 20:15 minutes
Players Stats for Staline
Player Name G A P +/- PIM S H SB GA TA FO MP PP MP PK MP
------------------------------------------------------------------------------------
Andrei Loktionov 2 1 3 2 0 6 3 1 0 2 14/29 22:34 3:09 2:58
Cam Janssen 0 1 1 1 2 0 2 0 1 0 1/1 15:51 2:45 0:00
Cody Eakin 0 1 1 2 0 0 0 0 0 0 1/2 9:21 0:03 1:48
Devin Setoguchi 0 4 4 2 0 6 1 0 3 0 1/3 19:36 3:09 0:00
J.T. Wyman 0 0 0 0 0 0 2 1 1 0 0/0 12:32 0:03 0:00
James Sheppard 1 0 1 2 0 3 1 0 0 0 0/0 7:52 0:00 0:50
Jared Boll 1 0 1 3 0 1 0 1 0 0 0/0 7:33 0:03 0:00
Keith Aulie 0 0 0 1 2 3 3 1 0 0 0/0 22:03 0:00 2:29
Mason Raymond 1 0 1 2 0 4 4 1 0 0 1/1 21:18 3:09 1:22
Mathieu Perreault 0 0 0 0 0 3 2 1 0 0 4/7 11:18 0:00 0:23
Michael Del Zotto 0 1 1 2 0 2 0 0 0 0 0/0 17:55 3:27 0:31
Nick Spaling 0 0 0 0 0 2 2 1 0 1 0/0 13:05 0:00 1:48
Peter Mueller 1 0 1 1 0 4 5 0 0 0 6/13 15:28 2:45 0:10
Pierre-Luc Létourneau 0 0 0 0 7 0 2 0 0 0 2/2 15:26 2:45 1:26
Stu Bickel 0 0 0 1 2 1 3 1 0 1 0/0 22:03 0:00 2:28
Theo Peckham 0 2 2 2 0 0 0 1 0 1 0/0 19:49 2:30 3:04
Torey Krug 0 0 0 2 2 0 0 1 0 0 0/0 19:03 3:27 1:40
Tyler Cuma 0 1 1 2 0 3 1 0 0 0 0/0 19:04 2:30 2:19
Players Stats for Harfangs
Player Name G A P +/- PIM S H SB GA TA FO MP PP MP PK MP
------------------------------------------------------------------------------------
Alex Killorn 1 2 3 0 0 4 1 0 0 0 4/8 15:26 2:08 0:10
Alexandre Picard 0 0 0 -3 0 3 2 2 0 0 0/0 29:32 4:20 4:06
Andrew Orpik 0 0 0 -2 2 1 0 1 0 0 0/0 17:07 1:56 0:00
Brett Carson 0 0 0 0 0 1 0 0 1 2 0/0 13:20 0:00 1:51
Brian Lashoff 0 0 0 0 0 2 0 0 0 0 0/0 13:20 0:00 1:51
Chris Kreider 1 0 1 -2 5 6 2 0 0 0 0/1 18:40 3:58 1:20
Craig Smith 0 0 0 -2 2 3 3 1 0 0 1/5 11:42 0:07 0:53
Drew Shore 0 0 0 0 0 0 1 0 0 0 1/3 9:34 0:00 1:51
Dustin Jeffrey 0 0 0 0 0 0 0 0 1 0 0/0 10:41 0:00 2:55
James Wisniewski 0 1 1 -3 0 1 1 0 2 3 0/0 29:32 4:20 4:06
Kyle Palmieri 0 0 0 0 2 0 1 1 0 0 0/1 15:38 2:08 0:00
Michal Repik 0 0 0 -2 0 0 0 1 0 0 0/0 10:05 0:00 0:00
Peter Olvecky 2 1 3 0 0 9 2 1 0 0 0/0 17:03 2:08 1:42
Petri Kontiola 0 1 1 -3 0 2 1 2 0 0 21/38 23:20 4:01 3:03
Roman Wick 0 0 0 0 0 0 1 0 0 0 0/0 8:02 0:07 0:00
Stefan Ruzicka 0 1 1 -3 0 6 3 0 0 0 0/0 20:14 4:01 0:00
Tomas Tatar 0 0 0 -3 0 0 0 0 1 0 1/2 13:35 0:10 0:00
Victor Bartley 0 2 2 -2 0 0 2 0 0 0 0/0 17:08 1:56 0:00
3 Stars
1 - Andrei Loktionov (StJ)
2 - Peter Olvecky (BEA)
3 - Devin Setoguchi (StJ)
Power Play
Staline - 0 on 3 Attempt(s) - 0,00%
Harfangs - 3 on 5 Attempt(s) - 60,00%
Penalty Kill
Staline - 2 on 5 Attempt(s) - 40,00%
- Score 0 goal in Penalty Kill
Harfangs - 3 on 3 Attempt(s) - 100,00%
- Score 0 goal in Penalty Kill
Team Stat
Staline - Hits : 31 - Faceoff Wins : 30 - Blocked Shots : 10 - Penalty Minutes : 15
Harfangs - Hits : 20 - Faceoff Wins : 28 - Blocked Shots : 9 - Penalty Minutes : 11
Official
Referees : Leggo Mike and Pollock Kevin
Linesman : Bryan Pancich and Brian Murphy
Game Notes
Pierre-Luc Létourneau beats up Chris Kreider at 16:16 of 1st period
Darcy Kuemper enters game at 0:15 of 2nd period
Finance
Level 1 -- Attendance: 1406 (70,30%) -- Ticket Income 42 180 $
Level 2 -- Attendance: 728 (72,80%) -- Ticket Income 10 920 $
Total Attendance: 2134 (71,13%)
Total Ticket Income: 53 100 $
Other Income: 2 655 $
Total Income: 55 755 $
Staline
5 vs 5 Forward
Center Left Wing Right Wing Time % Phy DF OF
1 Andrei Loktionov Mason Raymond Devin Setoguchi 40 1 2 2
2 Peter Mueller Pierre-Luc Létourneau Cam Janssen 30 1 2 2
3 Mathieu Perreault Nick Spaling J.T. Wyman 20 1 2 2
4 Cody Eakin James Sheppard Jared Boll 10 1 2 2
5 vs 5 Defense
Defense Defense Time % Phy DF OF
1 Stu Bickel Keith Aulie 40 1 2 2
2 Theo Peckham Tyler Cuma 30 1 2 2
3 Michael Del Zotto Torey Krug 28 1 2 2
4 Stu Bickel Keith Aulie 2 1 2 2
PowerPlay Forward
Center Left Wing Right Wing Time % Phy DF OF
1 Andrei Loktionov Mason Raymond Devin Setoguchi 60 1 2 2
2 Peter Mueller Pierre-Luc Létourneau Cam Janssen 40 1 2 2
PowerPlay Defense
Defense Defense Time % Phy DF OF
1 Michael Del Zotto Torey Krug 60 1 2 2
2 Theo Peckham Tyler Cuma 40 1 2 2
Penalty Kill 4 Players Forward
Center Wing Time % Phy DF OF
1 Andrei Loktionov Pierre-Luc Létourneau 60 1 2 2
2 Mathieu Perreault Mason Raymond 40 1 2 2
Penalty Kill 4 Players Defense
Defense Defense Time % Phy DF OF
1 Stu Bickel Keith Aulie 60 1 2 2
2 Theo Peckham Tyler Cuma 40 1 2 2
Penalty Kill - 3 Players Forward
Forward Time % Phy DF OF
1 Andrei Loktionov 60 1 2 2
2 Mathieu Perreault 40 1 2 2
Penalty Kill - 3 Players Defense
Defense Defense Time % Phy DF OF
1 Stu Bickel Keith Aulie 60 1 2 2
2 Theo Peckham Tyler Cuma 40 1 2 2
4 vs 4 Forward
Center Wing Time % Phy DF OF
1 Andrei Loktionov Pierre-Luc Létourneau 60 1 2 2
2 Peter Mueller Cam Janssen 40 1 2 2
4 vs 4 Defense
Defense Defense Time % Phy DF OF
1 Stu Bickel Keith Aulie 60 1 2 2
2 Theo Peckham Tyler Cuma 40 1 2 2
Last Minutes Offensive
Center Left Wing Right Wing Defense Defense
Andrei Loktionov Mason Raymond Devin Setoguchi Michael Del Zotto Tyler Cuma
Last Minutes Defensive
Center Left Wing Right Wing Defense Defense
Andrei Loktionov Pierre-Luc Létourneau Devin Setoguchi Theo Peckham Stu Bickel
Goaltenders
Starting : Tobias Stephan
Backup : Joni Ortio
Extra Forwards
Normal : J.T. Wyman, Jared Boll, Nick Spaling - PP : J.T. Wyman, Jared Boll - PK : Nick Spaling
Extra Defensemen
Normal : Michael Del Zotto, Torey Krug, Theo Peckham - PP : Keith Aulie - PK : Torey Krug, Theo Peckham
Penalty Shots
Devin Setoguchi, Pierre-Luc Létourneau, Cam Janssen, Andrei Loktionov, Mason Raymond
Harfangs
5 vs 5 Forward
Center Left Wing Right Wing Time % Phy DF OF
1 Petri Kontiola Chris Kreider Stefan Ruzicka 40 0 0 5
2 Alex Killorn Peter Olvecky Kyle Palmieri 30 0 0 5
3 Craig Smith Tomas Tatar Michal Repik 20 0 0 5
4 Drew Shore Dustin Jeffrey Roman Wick 10 0 0 5
5 vs 5 Defense
Defense Defense Time % Phy DF OF
1 Alexandre Picard James Wisniewski 40 0 2 3
2 Andrew Orpik Victor Bartley 30 0 2 3
3 Brett Carson Brian Lashoff 20 0 3 2
4 Alexandre Picard James Wisniewski 10 0 2 3
PowerPlay Forward
Center Left Wing Right Wing Time % Phy DF OF
1 Petri Kontiola Chris Kreider Stefan Ruzicka 60 0 0 5
2 Alex Killorn Peter Olvecky Kyle Palmieri 40 0 0 5
PowerPlay Defense
Defense Defense Time % Phy DF OF
1 Alexandre Picard James Wisniewski 60 0 2 3
2 Andrew Orpik Victor Bartley 40 0 2 3
Penalty Kill 4 Players Forward
Center Wing Time % Phy DF OF
1 Petri Kontiola Dustin Jeffrey 60 0 5 0
2 Drew Shore Peter Olvecky 40 0 5 0
Penalty Kill 4 Players Defense
Defense Defense Time % Phy DF OF
1 James Wisniewski Alexandre Picard 60 0 5 0
2 Brett Carson Brian Lashoff 40 0 5 0
Penalty Kill - 3 Players Forward
Forward Time % Phy DF OF
1 Petri Kontiola 60 0 5 0
2 Drew Shore 40 0 5 0
Penalty Kill - 3 Players Defense
Defense Defense Time % Phy DF OF
1 James Wisniewski Alexandre Picard 60 0 5 0
2 Brett Carson Brian Lashoff 40 0 5 0
4 vs 4 Forward
Center Wing Time % Phy DF OF
1 Stefan Ruzicka Chris Kreider 60 0 0 5
2 Petri Kontiola Alex Killorn 40 0 0 5
4 vs 4 Defense
Defense Defense Time % Phy DF OF
1 Alexandre Picard James Wisniewski 60 0 2 3
2 Victor Bartley Andrew Orpik 40 0 3 2
Last Minutes Offensive
Center Left Wing Right Wing Defense Defense
Petri Kontiola Chris Kreider Stefan Ruzicka Alexandre Picard James Wisniewski
Last Minutes Defensive
Center Left Wing Right Wing Defense Defense
Petri Kontiola Chris Kreider Stefan Ruzicka James Wisniewski Alexandre Picard
Goaltenders
Starting : Peter Budaj
Backup : Darcy Kuemper
Extra Forwards
Normal : Stefan Ruzicka, Chris Kreider, Petri Kontiola - PP : Stefan Ruzicka, Petri Kontiola - PK : Petri Kontiola
Extra Defensemen
Normal : Brian Lashoff, James Wisniewski, Alexandre Picard - PP : Victor Bartley - PK : Brian Lashoff, Alexandre Picard
Penalty Shots
Petri Kontiola, Craig Smith, Stefan Ruzicka, James Wisniewski, Tomas Tatar
% Time on Ice - Staline
Lines # - Real PCT - Wanted PCT - Time Play
Normal Forward
1 - 36% - 40% - 17:18
2 - 26% - 30% - 12:33
3 - 23% - 20% - 10:55
4 - 15% - 10% - 7:01
Normal Defense
1 - 41% - 40% - 19:35
2 - 30% - 30% - 14:15
3 - 29% - 28% - 13:57
4 - 0% - 2% - 0:00
PP Forward
1 - 54% - 60% - 3:12
2 - 46% - 40% - 2:45
PP Defense
1 - 58% - 60% - 3:27
2 - 42% - 40% - 2:30
PK Forward
1 - 100% - 60% - 4:29
2 - 0% - 40% - 0:00
PK Defense
1 - 60% - 60% - 2:41
2 - 40% - 40% - 1:48
PK3 Forward
1 - 79% - 60% - 1:24
2 - 21% - 40% - 0:23
PK3 Defense
1 - 100% - 60% - 1:47
2 - 0% - 40% - 0:00
44 Forward
1 - 0% - 60%
2 - 0% - 40%
44 Defense
1 - 0% - 60%
2 - 0% - 40%
Last Minute Offensive - 0:00
Last Minute Defensive - 0:00
Total
Forward - 60:00
Defense - 60:00
|
% Time on Ice - Harfangs
Lines # - Real PCT - Wanted PCT - Time Play
Normal Forward
1 - 35% - 40% - 16:48
2 - 28% - 30% - 13:11
3 - 21% - 20% - 10:05
4 - 16% - 10% - 7:43
Normal Defense
1 - 40% - 40% - 18:53
2 - 34% - 30% - 16:08
3 - 22% - 20% - 10:33
4 - 5% - 10% - 2:13
PP Forward
1 - 66% - 60% - 4:08
2 - 34% - 40% - 2:08
PP Defense
1 - 69% - 60% - 4:20
2 - 31% - 40% - 1:56
PK Forward
1 - 71% - 60% - 4:15
2 - 29% - 40% - 1:42
PK Defense
1 - 69% - 60% - 4:06
2 - 31% - 40% - 1:51
PK3 Forward
1 - 0% - 60%
2 - 0% - 40%
PK3 Defense
1 - 0% - 60%
2 - 0% - 40%
44 Forward
1 - 0% - 60%
2 - 0% - 40%
44 Defense
1 - 0% - 60%
2 - 0% - 40%
Last Minute Offensive - 0:00
Last Minute Defensive - 0:00
Total
Forward - 60:00
Defense - 60:00
|
Play by Play
1st period
0:01 of 1st period - Mason Raymond wins face-off versus Petri Kontiola in neutral zone.
0:04 of 1st period - James Wisniewski is hit by Stu Bickel and loses puck.
0:25 of 1st period - James Wisniewski is hit by Pierre-Luc Létourneau and loses puck.
0:34 of 1st period - Wrist shot by Alex Killorn.
0:34 of 1st period - Stopped by Tobias Stephan without a rebound.
0:35 of 1st period - Mathieu Perreault wins face-off versus Craig Smith in Staline zone.
0:43 of 1st period - Tyler Cuma is hit by Craig Smith and loses puck.
0:57 of 1st period - Icing by Tyler Cuma.
0:58 of 1st period - Mathieu Perreault wins face-off versus Drew Shore in Staline zone.
1:03 of 1st period - Snap shot by James Sheppard.
1:03 of 1st period - Stopped by Peter Budaj without a rebound.
1:04 of 1st period - Cody Eakin wins face-off versus Drew Shore in Harfangs zone.
1:11 of 1st period - Jared Boll is hit by Drew Shore and loses puck.
1:25 of 1st period - Wrist shot by Roman Wick.
1:25 of 1st period - Shot Blocked by Andrei Loktionov.
1:31 of 1st period - Dustin Jeffrey is hit by Mason Raymond and loses puck.
1:52 of 1st period - Slapshot by Petri Kontiola.
1:52 of 1st period - Stopped by Tobias Stephan with a rebound.
1:54 of 1st period - Snap shot by Chris Kreider.
1:54 of 1st period - Stopped by Tobias Stephan with a rebound.
1:56 of 1st period - Slapshot by Brian Lashoff.
1:56 of 1st period - Stopped by Tobias Stephan with a rebound.
1:58 of 1st period - Slapshot by Brian Lashoff.
1:58 of 1st period - Deflect By Stu Bickel.
1:58 of 1st period - Stopped by Tobias Stephan with a rebound.
2:08 of 1st period - James Wisniewski is hit by Stu Bickel and loses puck.
2:13 of 1st period - Wrist shot by Nick Spaling.
2:13 of 1st period - Stopped by Peter Budaj with a rebound.
2:15 of 1st period - Snap shot by Mathieu Perreault.
2:15 of 1st period - Stopped by Peter Budaj without a rebound.
2:16 of 1st period - Petri Kontiola wins face-off versus Andrei Loktionov in Harfangs zone.
3:32 of 1st period - Slapshot by Tyler Cuma.
3:32 of 1st period - Shot Misses the Net.
4:30 of 1st period - Slapshot by Michal Repik.
4:30 of 1st period - Shot Misses the Net.
4:55 of 1st period - Snap shot by James Sheppard.
4:55 of 1st period - Stopped by Peter Budaj with a rebound.
4:57 of 1st period - Slapshot by Tyler Cuma.
4:57 of 1st period - Shot Misses the Net.
4:59 of 1st period - Snap shot by Theo Peckham.
4:59 of 1st period - Deflect By James Sheppard.
4:59 of 1st period - Goal by James Sheppard - Staline : 1 - Harfangs : 0.
5:00 of 1st period - Petri Kontiola wins face-off versus Andrei Loktionov in neutral zone.
5:35 of 1st period - Snap shot by Peter Olvecky.
5:35 of 1st period - Stopped by Tobias Stephan without a rebound.
5:36 of 1st period - Andrei Loktionov wins face-off versus Craig Smith in Staline zone.
5:48 of 1st period - Minor Penalty to Craig Smith for Roughing.
5:49 of 1st period - Petri Kontiola wins face-off versus Devin Setoguchi in Harfangs zone.
6:57 of 1st period - Wrist shot by Peter Olvecky.
6:57 of 1st period - Stopped by Tobias Stephan with a rebound.
7:48 of 1st period - Penalty to Craig Smith is over, Craig Smith is back on ice.
8:06 of 1st period - Backhand shot by Craig Smith.
8:06 of 1st period - Shot Misses the Net.
8:12 of 1st period - Brian Lashoff is hit by Mathieu Perreault and loses puck.
9:25 of 1st period - Wrist shot by Craig Smith.
9:25 of 1st period - Stopped by Tobias Stephan without a rebound.
9:26 of 1st period - Peter Mueller wins face-off versus Craig Smith in Staline zone.
9:31 of 1st period - Wrist shot by Cam Janssen.
9:31 of 1st period - Shot Blocked by Alexandre Picard.
9:41 of 1st period - Peter Mueller is hit by Craig Smith.
9:45 of 1st period - Alexandre Picard is hit by Peter Mueller and loses puck.
9:56 of 1st period - James Wisniewski is hit by Mason Raymond and loses puck.
10:05 of 1st period - Wrist shot by Andrei Loktionov.
10:05 of 1st period - Shot Misses the Net.
10:17 of 1st period - Wrist shot by Chris Kreider.
10:17 of 1st period - Stopped by Tobias Stephan with a rebound.
10:19 of 1st period - Slapshot by James Wisniewski.
10:19 of 1st period - Deflect By Stefan Ruzicka.
10:19 of 1st period - Shot Misses the Net.
10:19 of 1st period - Puck is out of play.
10:20 of 1st period - Peter Mueller wins face-off versus Petri Kontiola in Staline zone.
10:33 of 1st period - Wrist shot by Peter Mueller.
10:33 of 1st period - Shot Misses the Net.
10:35 of 1st period - Snap shot by Peter Mueller.
10:35 of 1st period - Stopped by Peter Budaj with a rebound.
10:45 of 1st period - Snap shot by Nick Spaling.
10:45 of 1st period - Shot Misses the Net.
12:13 of 1st period - Victor Bartley is hit by Nick Spaling and loses puck.
13:05 of 1st period - Slapshot by Devin Setoguchi.
13:05 of 1st period - Shot Misses the Net.
13:07 of 1st period - Snap shot by Tyler Cuma.
13:07 of 1st period - Stopped by Peter Budaj with a rebound.
13:09 of 1st period - Snap shot by Theo Peckham.
13:09 of 1st period - Shot Blocked by Michal Repik.
13:11 of 1st period - Wrist shot by Devin Setoguchi.
13:11 of 1st period - Shot Misses the Net.
13:13 of 1st period - Slapshot by Tyler Cuma.
13:13 of 1st period - Stopped by Peter Budaj with a rebound.
13:15 of 1st period - Snap shot by Mason Raymond.
13:15 of 1st period - Shot Misses the Net.
13:17 of 1st period - Snap shot by Devin Setoguchi.
13:17 of 1st period - Stopped by Peter Budaj with a rebound.
13:19 of 1st period - Snap shot by Devin Setoguchi.
13:19 of 1st period - Shot Misses the Net.
13:23 of 1st period - Backhand shot by Andrei Loktionov.
13:23 of 1st period - Goal by Andrei Loktionov - Staline : 2 - Harfangs : 0.
13:24 of 1st period - Petri Kontiola wins face-off versus Peter Mueller in neutral zone.
13:24 of 1st period - Petri Kontiola is hit by Keith Aulie.
13:38 of 1st period - Wrist shot by Stefan Ruzicka.
13:38 of 1st period - Shot Hit the Post.
13:50 of 1st period - Nick Spaling is hit by Kyle Palmieri and loses puck.
14:11 of 1st period - Alexandre Picard is hit by James Sheppard and loses puck.
14:51 of 1st period - Snap shot by Andrei Loktionov.
14:51 of 1st period - Stopped by Peter Budaj with a rebound.
14:53 of 1st period - Wrist shot by Michael Del Zotto.
14:53 of 1st period - Deflect By Andrew Orpik.
14:53 of 1st period - Stopped by Peter Budaj without a rebound.
14:54 of 1st period - Andrei Loktionov wins face-off versus Petri Kontiola in Harfangs zone.
14:55 of 1st period - Snap shot by Mason Raymond.
14:55 of 1st period - Stopped by Peter Budaj without a rebound.
14:56 of 1st period - Petri Kontiola wins face-off versus Andrei Loktionov in Harfangs zone.
15:10 of 1st period - Snap shot by Chris Kreider.
15:10 of 1st period - Shot Misses the Net.
15:12 of 1st period - Slapshot by Alexandre Picard.
15:12 of 1st period - Shot Blocked by Torey Krug.
15:46 of 1st period - Slapshot by Craig Smith.
15:46 of 1st period - Stopped by Tobias Stephan without a rebound.
15:47 of 1st period - Petri Kontiola wins face-off versus Mathieu Perreault in Staline zone.
15:50 of 1st period - Wrist shot by Stefan Ruzicka.
15:50 of 1st period - Stopped by Tobias Stephan with a rebound.
16:01 of 1st period - Snap shot by Stefan Ruzicka.
16:01 of 1st period - Stopped by Tobias Stephan without a rebound.
16:02 of 1st period - Andrei Loktionov wins face-off versus Alex Killorn in Staline zone.
16:02 of 1st period - Andrei Loktionov is hit by Peter Olvecky.
16:15 of 1st period - Off-side.
16:16 of 1st period - Petri Kontiola wins face-off versus Peter Mueller in neutral zone.
16:16 of 1st period - Pierre-Luc Létourneau beats up Chris Kreider.
16:16 of 1st period - Penalty to Chris Kreider for Fighting.
16:16 of 1st period - Penalty to Pierre-Luc Létourneau for Fighting.
16:17 of 1st period - Petri Kontiola wins face-off versus Andrei Loktionov in neutral zone.
16:17 of 1st period - Petri Kontiola is hit by Mason Raymond.
16:27 of 1st period - Snap shot by Stefan Ruzicka.
16:27 of 1st period - Stopped by Tobias Stephan with a rebound.
16:29 of 1st period - Snap shot by James Wisniewski.
16:29 of 1st period - Shot Blocked by Mason Raymond.
16:31 of 1st period - Slapshot by Alexandre Picard.
16:31 of 1st period - Stopped by Tobias Stephan with a rebound.
17:30 of 1st period - Icing by Brett Carson.
17:31 of 1st period - Drew Shore wins face-off versus Mathieu Perreault in Harfangs zone.
17:31 of 1st period - Drew Shore is hit by J.T. Wyman.
18:20 of 1st period - Snap shot by Peter Mueller.
18:20 of 1st period - Goal by Peter Mueller - Staline : 3 - Harfangs : 0.
18:21 of 1st period - Petri Kontiola wins face-off versus Andrei Loktionov in neutral zone.
18:24 of 1st period - Keith Aulie is hit by Stefan Ruzicka and loses puck.
18:32 of 1st period - Off-side.
18:33 of 1st period - Peter Mueller wins face-off versus Petri Kontiola in neutral zone.
18:46 of 1st period - Cam Janssen is hit by Alexandre Picard and loses puck.
18:59 of 1st period - Snap shot by Andrei Loktionov.
18:59 of 1st period - Shot Misses the Net.
19:28 of 1st period - Slapshot by Alexandre Picard.
19:28 of 1st period - Stopped by Tobias Stephan with a rebound.
Goals for this period are 3 for Staline vs 0 for Harfangs.
Shots for this period are 14 for Staline vs 15 for Harfangs.
2nd period
0:01 of 2nd period - Andrei Loktionov wins face-off versus Tomas Tatar in neutral zone.
0:04 of 2nd period - Tomas Tatar is hit by Andrei Loktionov and loses puck.
0:15 of 2nd period - Wrist shot by Devin Setoguchi.
0:15 of 2nd period - Deflect By Andrei Loktionov.
0:15 of 2nd period - Goal by Andrei Loktionov - Staline : 4 - Harfangs : 0.
0:15 of 2nd period - Darcy Kuemper enters game.
0:16 of 2nd period - Cam Janssen wins face-off versus Petri Kontiola in neutral zone.
0:38 of 2nd period - Stefan Ruzicka is hit by Peter Mueller and loses puck.
0:51 of 2nd period - Wrist shot by Peter Olvecky.
0:51 of 2nd period - Stopped by Tobias Stephan with a rebound.
0:55 of 2nd period - Snap shot by Peter Olvecky.
0:55 of 2nd period - Shot Misses the Net.
0:57 of 2nd period - Slapshot by James Wisniewski.
0:57 of 2nd period - Deflect By Peter Olvecky.
0:57 of 2nd period - Goal by Peter Olvecky - Staline : 4 - Harfangs : 1.
0:58 of 2nd period - Tomas Tatar wins face-off versus Andrei Loktionov in neutral zone.
1:09 of 2nd period - Wrist shot by Stefan Ruzicka.
1:09 of 2nd period - Stopped by Tobias Stephan without a rebound.
1:10 of 2nd period - Andrei Loktionov wins face-off versus Petri Kontiola in Staline zone.
1:10 of 2nd period - Andrei Loktionov is hit by Petri Kontiola.
1:22 of 2nd period - Snap shot by Mason Raymond.
1:22 of 2nd period - Shot Misses the Net.
1:46 of 2nd period - Icing by Peter Olvecky.
1:47 of 2nd period - Mathieu Perreault wins face-off versus Alex Killorn in Harfangs zone.
1:54 of 2nd period - Wrist shot by Michael Del Zotto.
1:54 of 2nd period - Stopped by Darcy Kuemper with a rebound.
1:56 of 2nd period - Wrist shot by Mathieu Perreault.
1:56 of 2nd period - Stopped by Darcy Kuemper without a rebound.
1:57 of 2nd period - Petri Kontiola wins face-off versus Mathieu Perreault in Harfangs zone.
2:05 of 2nd period - Slapshot by Chris Kreider.
2:05 of 2nd period - Stopped by Tobias Stephan with a rebound.
2:07 of 2nd period - Snap shot by Petri Kontiola.
2:07 of 2nd period - Shot Misses the Net.
2:09 of 2nd period - Slapshot by Andrew Orpik.
2:09 of 2nd period - Stopped by Tobias Stephan with a rebound.
2:11 of 2nd period - Snap shot by Andrew Orpik.
2:11 of 2nd period - Shot Blocked by Mathieu Perreault.
2:13 of 2nd period - Snap shot by Victor Bartley.
2:13 of 2nd period - Deflect By Stefan Ruzicka.
2:13 of 2nd period - Stopped by Tobias Stephan with a rebound.
2:29 of 2nd period - Wrist shot by Peter Olvecky.
2:29 of 2nd period - Stopped by Tobias Stephan without a rebound.
2:30 of 2nd period - Andrei Loktionov wins face-off versus Kyle Palmieri in Staline zone.
2:41 of 2nd period - Snap shot by Andrei Loktionov.
2:41 of 2nd period - Shot Blocked by Alexandre Picard.
2:43 of 2nd period - Backhand shot by Keith Aulie.
2:43 of 2nd period - Shot Blocked by Kyle Palmieri.
2:45 of 2nd period - Wrist shot by Devin Setoguchi.
2:45 of 2nd period - Stopped by Darcy Kuemper without a rebound.
2:46 of 2nd period - Peter Mueller wins face-off versus Petri Kontiola in Harfangs zone.
2:57 of 2nd period - Slapshot by Pierre-Luc Létourneau.
2:57 of 2nd period - Shot Blocked by Petri Kontiola.
2:59 of 2nd period - Slapshot by Peter Mueller.
2:59 of 2nd period - Shot Misses the Net.
3:01 of 2nd period - Slapshot by Pierre-Luc Létourneau.
3:01 of 2nd period - Shot Blocked by Petri Kontiola.
3:07 of 2nd period - Minor Penalty to Andrew Orpik for Slashing.
3:08 of 2nd period - Andrei Loktionov wins face-off versus Petri Kontiola in Harfangs zone.
3:39 of 2nd period - Snap shot by Cam Janssen.
3:39 of 2nd period - Shot Misses the Net.
3:41 of 2nd period - Wrist shot by Pierre-Luc Létourneau.
3:41 of 2nd period - Shot Blocked by Peter Olvecky.
4:09 of 2nd period - Drew Shore is hit by Cam Janssen.
5:07 of 2nd period - Penalty to Andrew Orpik is over, Andrew Orpik is back on ice.
5:21 of 2nd period - Backhand shot by Alex Killorn.
5:21 of 2nd period - Shot Blocked by J.T. Wyman.
5:23 of 2nd period - Wrist shot by Alex Killorn.
5:23 of 2nd period - Stopped by Tobias Stephan with a rebound.
5:35 of 2nd period - Snap shot by Dustin Jeffrey.
5:35 of 2nd period - Shot Blocked by Jared Boll.
5:47 of 2nd period - Wrist shot by Craig Smith.
5:47 of 2nd period - Shot Misses the Net.
6:53 of 2nd period - Slapshot by Stefan Ruzicka.
6:53 of 2nd period - Shot Misses the Net.
7:01 of 2nd period - Chris Kreider is hit by Devin Setoguchi and loses puck.
7:12 of 2nd period - Snap shot by Tomas Tatar.
7:12 of 2nd period - Shot Misses the Net.
7:14 of 2nd period - Slapshot by Brett Carson.
7:14 of 2nd period - Stopped by Tobias Stephan with a rebound.
7:16 of 2nd period - Wrist shot by Tomas Tatar.
7:16 of 2nd period - Shot Misses the Net.
8:12 of 2nd period - Petri Kontiola is hit by Keith Aulie and loses puck.
8:46 of 2nd period - Peter Mueller is hit by Alex Killorn and loses puck.
9:06 of 2nd period - Chris Kreider is hit by Pierre-Luc Létourneau and loses puck.
9:20 of 2nd period - Icing by Brett Carson.
9:21 of 2nd period - Andrei Loktionov wins face-off versus Craig Smith in Harfangs zone.
9:48 of 2nd period - Kyle Palmieri is hit by J.T. Wyman and loses puck.
10:09 of 2nd period - Slapshot by Jared Boll.
10:09 of 2nd period - Shot Hit the Post.
10:11 of 2nd period - Snap shot by Stu Bickel.
10:11 of 2nd period - Stopped by Darcy Kuemper without a rebound.
10:12 of 2nd period - Petri Kontiola wins face-off versus Cody Eakin in Harfangs zone.
10:12 of 2nd period - Petri Kontiola is hit by Stu Bickel.
10:24 of 2nd period - Jared Boll is hit by Stefan Ruzicka and loses puck.
13:12 of 2nd period - Snap shot by Andrei Loktionov.
13:12 of 2nd period - Deflect By Mason Raymond.
13:12 of 2nd period - Shot Misses the Net.
13:12 of 2nd period - Puck is out of play.
13:13 of 2nd period - Devin Setoguchi wins face-off versus Petri Kontiola in Harfangs zone.
13:20 of 2nd period - Snap shot by Devin Setoguchi.
13:20 of 2nd period - Deflect By Mason Raymond.
13:20 of 2nd period - Goal by Mason Raymond - Staline : 5 - Harfangs : 1.
13:21 of 2nd period - Petri Kontiola wins face-off versus Devin Setoguchi in neutral zone.
13:43 of 2nd period - Minor Penalty to Keith Aulie for Holding.
13:44 of 2nd period - Pierre-Luc Létourneau wins face-off versus Petri Kontiola in Staline zone.
13:52 of 2nd period - Off-side.
13:53 of 2nd period - Andrei Loktionov wins face-off versus Chris Kreider in neutral zone.
13:55 of 2nd period - Minor Penalty to Stu Bickel for Tripping.
13:56 of 2nd period - Petri Kontiola wins face-off versus Andrei Loktionov in Staline zone.
14:02 of 2nd period - Snap shot by Chris Kreider.
14:02 of 2nd period - Deflect By Stefan Ruzicka.
14:02 of 2nd period - Stopped by Tobias Stephan without a rebound.
14:03 of 2nd period - Andrei Loktionov wins face-off versus Petri Kontiola in Staline zone.
14:24 of 2nd period - Wrist shot by Chris Kreider.
14:24 of 2nd period - Shot Misses the Net.
15:08 of 2nd period - Slapshot by Stefan Ruzicka.
15:08 of 2nd period - Shot Blocked by Theo Peckham.
15:30 of 2nd period - Snap shot by Chris Kreider.
15:30 of 2nd period - Stopped by Tobias Stephan without a rebound.
15:31 of 2nd period - Andrei Loktionov wins face-off versus Alex Killorn in Staline zone.
15:40 of 2nd period - Slapshot by Victor Bartley.
15:40 of 2nd period - Deflect By Peter Olvecky.
15:40 of 2nd period - Stopped by Tobias Stephan with a rebound.
15:42 of 2nd period - Wrist shot by Alex Killorn.
15:42 of 2nd period - Goal by Alex Killorn - Staline : 5 - Harfangs : 2.
15:43 of 2nd period - Alex Killorn wins face-off versus Andrei Loktionov in neutral zone.
15:52 of 2nd period - Snap shot by Peter Olvecky.
15:52 of 2nd period - Shot Misses the Net.
15:54 of 2nd period - Wrist shot by Peter Olvecky.
15:54 of 2nd period - Goal by Peter Olvecky - Staline : 5 - Harfangs : 3.
15:55 of 2nd period - Alex Killorn wins face-off versus Andrei Loktionov in neutral zone.
15:55 of 2nd period - Alexandre Picard is hit by Mason Raymond and loses puck.
16:04 of 2nd period - Snap shot by Alex Killorn.
16:04 of 2nd period - Stopped by Tobias Stephan with a rebound.
16:06 of 2nd period - Slapshot by Alexandre Picard.
16:06 of 2nd period - Stopped by Tobias Stephan with a rebound.
16:08 of 2nd period - Wrist shot by Peter Olvecky.
16:08 of 2nd period - Stopped by Tobias Stephan without a rebound.
16:09 of 2nd period - Petri Kontiola wins face-off versus Peter Mueller in Staline zone.
16:44 of 2nd period - Snap shot by Andrei Loktionov.
16:44 of 2nd period - Stopped by Darcy Kuemper without a rebound.
16:45 of 2nd period - Alex Killorn wins face-off versus Andrei Loktionov in Harfangs zone.
16:47 of 2nd period - Minor Penalty to Kyle Palmieri for Roughing.
16:48 of 2nd period - Petri Kontiola wins face-off versus Andrei Loktionov in Harfangs zone.
17:20 of 2nd period - Peter Olvecky is hit by Peter Mueller.
17:30 of 2nd period - Wrist shot by Peter Olvecky.
17:30 of 2nd period - Stopped by Tobias Stephan with a rebound.
17:57 of 2nd period - Wrist shot by Devin Setoguchi.
17:57 of 2nd period - Stopped by Darcy Kuemper without a rebound.
17:58 of 2nd period - Petri Kontiola wins face-off versus Peter Mueller in Harfangs zone.
18:47 of 2nd period - Penalty to Kyle Palmieri is over, Kyle Palmieri is back on ice.
19:47 of 2nd period - Mathieu Perreault is hit by Peter Olvecky and loses puck.
Goals for this period are 2 for Staline vs 3 for Harfangs.
Shots for this period are 8 for Staline vs 18 for Harfangs.
3rd period
0:01 of 3rd period - Petri Kontiola wins face-off versus Andrei Loktionov in neutral zone.
0:15 of 3rd period - Off-side.
0:16 of 3rd period - Peter Mueller wins face-off versus Alex Killorn in neutral zone.
0:41 of 3rd period - James Wisniewski is hit by Andrei Loktionov and loses puck.
0:52 of 3rd period - Backhand shot by Theo Peckham.
0:52 of 3rd period - Deflect By Devin Setoguchi.
0:52 of 3rd period - Stopped by Darcy Kuemper with a rebound.
1:24 of 3rd period - Snap shot by Devin Setoguchi.
1:24 of 3rd period - Shot Blocked by Craig Smith.
1:50 of 3rd period - Snap shot by Mason Raymond.
1:50 of 3rd period - Stopped by Darcy Kuemper with a rebound.
1:52 of 3rd period - Snap shot by Devin Setoguchi.
1:52 of 3rd period - Stopped by Darcy Kuemper with a rebound.
1:54 of 3rd period - Snap shot by Devin Setoguchi.
1:54 of 3rd period - Shot Misses the Net.
1:56 of 3rd period - Slapshot by Tyler Cuma.
1:56 of 3rd period - Stopped by Darcy Kuemper without a rebound.
1:57 of 3rd period - Petri Kontiola wins face-off versus Peter Mueller in Harfangs zone.
1:57 of 3rd period - Petri Kontiola is hit by Peter Mueller.
2:02 of 3rd period - Minor Penalty to Cam Janssen for Interference.
2:03 of 3rd period - Pierre-Luc Létourneau wins face-off versus Petri Kontiola in Staline zone.
4:02 of 3rd period - Penalty to Cam Janssen is over, Cam Janssen is back on ice.
4:45 of 3rd period - Icing by Michael Del Zotto.
4:46 of 3rd period - Craig Smith wins face-off versus Peter Mueller in Staline zone.
5:43 of 3rd period - Wrist shot by Petri Kontiola.
5:43 of 3rd period - Stopped by Tobias Stephan without a rebound.
5:44 of 3rd period - Mathieu Perreault wins face-off versus Petri Kontiola in Staline zone.
6:19 of 3rd period - Cam Janssen is hit by Alexandre Picard and loses puck.
7:08 of 3rd period - Minor Penalty to Torey Krug for Cross-checking.
7:09 of 3rd period - Andrei Loktionov wins face-off versus Petri Kontiola in Staline zone.
7:15 of 3rd period - Wrist shot by Chris Kreider.
7:15 of 3rd period - Goal by Chris Kreider - Staline : 5 - Harfangs : 4.
7:16 of 3rd period - Andrei Loktionov wins face-off versus Petri Kontiola in neutral zone.
7:21 of 3rd period - Slapshot by Keith Aulie.
7:21 of 3rd period - Stopped by Darcy Kuemper with a rebound.
7:29 of 3rd period - Devin Setoguchi is hit by Chris Kreider and loses puck.
7:38 of 3rd period - Stu Bickel is hit by Chris Kreider and loses puck.
7:53 of 3rd period - Alex Killorn is hit by Keith Aulie and loses puck.
8:10 of 3rd period - Tomas Tatar is hit by Tyler Cuma and loses puck.
8:59 of 3rd period - Slapshot by Tyler Cuma.
8:59 of 3rd period - Deflect By Andrei Loktionov.
8:59 of 3rd period - Stopped by Darcy Kuemper with a rebound.
9:23 of 3rd period - Pierre-Luc Létourneau is hit by Victor Bartley and loses puck.
9:50 of 3rd period - Dustin Jeffrey is hit by Nick Spaling and loses puck.
10:01 of 3rd period - Roman Wick is hit by Mathieu Perreault.
10:23 of 3rd period - Snap shot by Chris Kreider.
10:23 of 3rd period - Stopped by Tobias Stephan without a rebound.
10:24 of 3rd period - Peter Mueller wins face-off versus Petri Kontiola in Staline zone.
10:33 of 3rd period - Pierre-Luc Létourneau is hit by Stefan Ruzicka and loses puck.
11:12 of 3rd period - Slapshot by Nick Spaling.
11:12 of 3rd period - Stopped by Darcy Kuemper with a rebound.
11:14 of 3rd period - Wrist shot by Mathieu Perreault.
11:14 of 3rd period - Shot Misses the Net.
11:20 of 3rd period - Wrist shot by Mathieu Perreault.
11:20 of 3rd period - Stopped by Darcy Kuemper without a rebound.
11:21 of 3rd period - Petri Kontiola wins face-off versus Andrei Loktionov in Harfangs zone.
11:21 of 3rd period - Petri Kontiola is hit by Andrei Loktionov.
12:34 of 3rd period - Slapshot by Brian Lashoff.
12:34 of 3rd period - Shot Blocked by Keith Aulie.
12:36 of 3rd period - Slapshot by Brian Lashoff.
12:36 of 3rd period - Shot Blocked by Stu Bickel.
13:02 of 3rd period - Snap shot by Cody Eakin.
13:02 of 3rd period - Shot Blocked by Andrew Orpik.
13:04 of 3rd period - Snap shot by Jared Boll.
13:04 of 3rd period - Goal by Jared Boll - Staline : 6 - Harfangs : 4.
13:05 of 3rd period - Petri Kontiola wins face-off versus Andrei Loktionov in neutral zone.
13:30 of 3rd period - Alex Killorn is hit by Peter Mueller and loses puck.
13:39 of 3rd period - Snap shot by Peter Mueller.
13:39 of 3rd period - Stopped by Darcy Kuemper with a rebound.
13:57 of 3rd period - Wrist shot by James Wisniewski.
13:57 of 3rd period - Stopped by Tobias Stephan without a rebound.
13:58 of 3rd period - Andrei Loktionov wins face-off versus Petri Kontiola in Staline zone.
13:58 of 3rd period - Andrei Loktionov is hit by Victor Bartley.
14:06 of 3rd period - Slapshot by Keith Aulie.
14:06 of 3rd period - Stopped by Darcy Kuemper with a rebound.
14:08 of 3rd period - Snap shot by Devin Setoguchi.
14:08 of 3rd period - Stopped by Darcy Kuemper with a rebound.
14:10 of 3rd period - Wrist shot by Mason Raymond.
14:10 of 3rd period - Stopped by Darcy Kuemper with a rebound.
14:12 of 3rd period - Wrist shot by Andrei Loktionov.
14:12 of 3rd period - Stopped by Darcy Kuemper with a rebound.
14:14 of 3rd period - Slapshot by Keith Aulie.
14:14 of 3rd period - Stopped by Darcy Kuemper with a rebound.
14:43 of 3rd period - Minor Penalty to Pierre-Luc Létourneau for Tripping.
14:44 of 3rd period - Petri Kontiola wins face-off versus Andrei Loktionov in Staline zone.
16:39 of 3rd period - James Sheppard is hit by Roman Wick and loses puck.
16:43 of 3rd period - Penalty to Pierre-Luc Létourneau is over, Pierre-Luc Létourneau is back on ice.
16:50 of 3rd period - Snap shot by Peter Mueller.
16:50 of 3rd period - Stopped by Darcy Kuemper with a rebound.
16:52 of 3rd period - Snap shot by Michael Del Zotto.
16:52 of 3rd period - Deflect By Pierre-Luc Létourneau.
16:52 of 3rd period - Shot Misses the Net.
16:52 of 3rd period - Puck is out of play.
16:53 of 3rd period - Alex Killorn wins face-off versus Peter Mueller in Harfangs zone.
16:53 of 3rd period - Peter Olvecky is hit by Cam Janssen and loses puck.
17:34 of 3rd period - Snap shot by Craig Smith.
17:34 of 3rd period - Stopped by Tobias Stephan with a rebound.
17:36 of 3rd period - Wrist shot by Brett Carson.
17:36 of 3rd period - Shot Blocked by Nick Spaling.
17:46 of 3rd period - Andrei Loktionov is hit by James Wisniewski and loses puck.
18:50 of 3rd period - Slapshot by James Wisniewski.
18:50 of 3rd period - Shot Misses the Net.
18:58 of 3rd period - Mason Raymond is hit by Craig Smith and loses puck.
Goals for this period are 1 for Staline vs 1 for Harfangs.
Shots for this period are 16 for Staline vs 5 for Harfangs.
Output by the SimonT Hockey Simulator (STHS) for François Prévost -- Original Page W3C XHTML 1.0 Valid